 Dungeon Crawl Stone Soup version 0.28-a0-10-g964c8b829e (webtiles) character file.

Game seed: 17738582767100528064

8 ezpacito the Skirmisher (level 2, 24/24 HPs)
             Began as a Demonspawn Abyssal Knight on July 25, 2021.
             Was a Follower of Lugonu.
             Quit the game on level 1 of the Dungeon.
             The game lasted 00:00:50 (418 turns).

ezpacito the Skirmisher (Demonspawn Abyssal Knight)  Turns: 418, Time: 00:00:51

Health: 24/24      AC:  3    Str: 12    XL:     2   Next: 0%
Magic:  3/3        EV: 11    Int: 13    God:    Lugonu [*.....]
Gold:   71         SH:  0    Dex: 12    Spells: 1/1 levels left

rFire   . . .      SeeInvis .   a - +1 hand axe
rCold   . . .      Faith    .   (no shield)
rNeg    . . .      Spirit   .   b - +0 leather armour
rPois   .          Reflect  .   (no helmet)
rElec   .          Harm     .   (no cloak)
rCorr   .          Rampage  .   (no gloves)
Will    .....                   (no boots)
Stlth   +.........              (no amulet)
HPRegen 0.08/turn               (no ring)
MPRegen 0.08/turn               (no ring)

@: no status effects
A: talons 1
a: Renounce Religion, Depart the Abyss


You were on level 1 of the Dungeon.
You worshipped Lugonu.
Lugonu was aware of your devotion.
You visited 1 branch of the dungeon, and saw 1 of its levels.
You visited the Abyss 1 time.

You collected 71 gold pieces.

Inventory:

Hand Weapons
 a - a +1 hand axe (weapon)
Armour
 b - a +0 leather armour (worn)
 d - a +0 pair of gloves
Miscellaneous
 c - a phial of floods


   Skills:
 + Level 3.0 Fighting
 * Level 2.0 Axes
 + Level 1.9 Armour
 + Level 1.0 Dodging
 + Level 0.2 Spellcasting
 + Level 2.6 Invocations


You had one spell level left.
You didn't know any spells.
Your spell library was empty.

Dungeon Overview and Level Annotations

Branches:
Dungeon (1/15)

Altars:


Innate Abilities, Weirdness & Mutations

You have sharp toenails.


Message History

The ball python bites you. The ball python grabs you.
The ball python constricts you.
The ball python bites you but does no damage.
The ball python constricts you.
You hit the ball python.
The ball python is severely wounded.
The ball python bites you. The ball python constricts you.
You closely miss the ball python.
The ball python is severely wounded.
The ball python completely misses you. The ball python constricts you.
You hit the ball python.
You kill the ball python!
Lugonu accepts your kill.
No target in view!
No target in view!
No target in view!
No target in view!
No target in view!
No target in view!
No target in view!
Found a stone staircase leading down.
A goblin comes into view. It is wielding a +0 dagger.
The goblin shouts!
You barely miss the goblin. The goblin hits you but does no damage.
You hit the goblin.
The goblin is moderately wounded.
The goblin hits you but does no damage. The goblin barely misses you.
You hit the goblin.
You kill the goblin!
Lugonu accepts your kill.
You have reached level 2!
Your demonic ancestry asserts itself...
Your toenails lengthen and sharpen.
You see here a +0 dagger.
Found a pair of gloves.
Key pressed, stopping explore.
No target in view!
You see here a +0 pair of gloves.
d - a +0 pair of gloves Are you sure you want to abandon this character and quit the game? (Confirm with "yes".)

#.# #.##.# #.### #.#
#.##.# ......
#.#######.##.###.....#
#..........)..........
#########.##.###.....#
#.##.........#
#.####...#####
#.............
######@..##### ##.##
(# .. ###


There were no monsters in sight!

Vanquished Creatures
  3 ball pythons (D:1)
  A goblin (D:1)
  3 bats (D:1)
7 creatures vanquished.

Notes
Turn   | Place    | Note
-------+----------+-------------------------------------------
     0 | Abyss:1  | ezpacito the Demonspawn Abyssal Knight began the quest for
                  | the Orb.
     0 | Abyss:1  | Reached XP level 1. HP: 18/18 MP: 2/2
     8 | Abyss:2  | Found a corrupted altar of Lugonu.
    50 | Abyss:2  | Noticed a small abomination
    56 | Abyss:2  | Noticed a starcursed mass
    58 | D:1      | Escaped the Abyss
   209 | D:1      | Reached * piety under Lugonu
   210 | D:1      | Reached skill level 1 in Dodging
   407 | D:1      | Gained mutation: You have sharp toenails. [demonic
                  | ancestry]
   407 | D:1      | Reached XP level 2. HP: 24/24 MP: 3/3
   418 | D:1      | Quit the game

Illustrated notes

Levels and vault maps discovered:
D:1:      dpeg_arrival_central, layout_loops_ring, hangedman_glass_teeth,
          minmay_tetromino_o4

Skill      XL: |  1 |
---------------+----+-----
Axes           | 2 |  2.0
Dodging        | 1 |  1.0
Fighting       | |  3.0
Armour         | |  1.9
Spellcasting   | |  0.2
Invocations    | |  2.6

Action                   || total
-------------------------++-------
Melee: Hand axe          ||    16
Invok: Depart the Abyss  ||     1
Armor: Leather armour    ||    14
Dodge: Dodged            ||    13

Table legend: (Time is in decaauts)
 A = Elapsed time spent in this place.
 B = Non-inter-level travel time spent in this place.
 C = Inter-level travel time spent in this place.
 D = Time resting spent in this place.
 E = Time spent auto-exploring this place.
 F = Levels seen in this place.
 G = Mean time per level.
                   A        B        C        D        E       F      G
               +--------+--------+--------+--------+--------+-----+--------+
         Total |    420 |    420 |      0 |      0 |    320 |   3 |  140.0 |
       Dungeon |    362 |    362 |      0 |      0 |    320 |   1 |  362.0 |
         Abyss |     57 |     57 |      0 |      0 |      0 |   2 |   28.5 |
               +--------+--------+--------+--------+--------+-----+--------+

Top non-repeatable levels by time:
     D:1: 362 daAuts
 Abyss:2: 49 daAuts
 Abyss:1: 8 daAuts
